 Dungeon Crawl Stone Soup version 0.29-a0-520-gc852659d43 (console) character file.

Game seed: 1383960078015561172

579 lylia the Cudgeller (level 7, -3/54 HPs)
             Began as a Mummy Wanderer on May 31, 2022.
             Slain by Duvessa
             ... wielding a +0 short sword
              (7 damage)
             ... on level 5 of the Dungeon.
             The game lasted 00:08:34 (5134 turns).

lylia the Cudgeller (Mummy Wanderer)                Turns: 5134, Time: 00:08:34

Health: -3/54      AC: 13    Str: 17    XL:     7   Next: 13%
Magic:  11/11      EV:  7    Int: 11    God:
Gold:   183        SH:  0    Dex: 12    Spells: 10/11 levels left

rFire   x . .      SeeInvis .   n - +0 morningstar
rCold   + . .      Faith    .   (no shield)
rNeg    + + +      Spirit   .   k - +0 chain mail
rPois   ∞          Reflect  .   m - +0 helmet
rElec   .          Harm     .   (no cloak)
rCorr   .          Rampage  .   o - +1 pair of gloves
Will    .....                   h - +0 pair of boots
Stlth   ..........              (no amulet)
HPRegen 0.18/turn               (no ring)
MPRegen 0.12/turn               (no ring)

@: lit by a corona, glowing
A: cold resistance 1, negative energy resistance 3, torment resistance 2, heat
vulnerability 1, in touch with death 1, no potions
a: no special abilities


You were on level 5 of the Dungeon.
You visited 1 branch of the dungeon, and saw 5 of its levels.

You collected 183 gold pieces.

Inventory:

Hand Weapons
 a - a +2 dagger
 n - a +0 morningstar (weapon)
Missiles
 b - 3 curare-tipped darts (quivered)
 i - 3 poisoned darts
Armour
 h - a +0 pair of boots (worn)
 k - a +0 chain mail (worn)
 m - a +0 helmet (worn)
 o - a +1 pair of gloves (worn)
Scrolls
 c - 2 scrolls of enchant armour
 d - a scroll of blinking
 e - a scroll of noise
 f - a scroll of immolation
 g - a scroll of fog
 j - a scroll of torment
 l - 2 scrolls of teleportation
 p - a scroll of identify


   Skills:
 - Level 4.0 Fighting
 + Level 4.2 Maces & Flails
 - Level 4.1 Throwing
 - Level 3.0 Armour
 - Level 1.5 Stealth
 - Level 2.6 Spellcasting


You had 10 spell levels left.
You knew the following spells:

 Your Spells              Type           Power      Damage    Failure   Level
a - Freeze                Ice            4%         1d3       99%         1

Your spell library contained the following spells:

 Spells                   Type           Power      Damage    Failure   Level
 Conjure Flame            Conj/Fire      1%         6-21      100%        3
 Frozen Ramparts          Ice            2%         1d2       100%        3
 Ignite Poison            Fire/Tmut/Pois 1%         N/A       100%        3
 Tukima's Dance           Hex            1%         N/A       100%        3
 Passage of Golubria      Tloc           1%         N/A       100%        4
 Sticky Flame             Conj/Fire      1%         2d3       100%        4
 Yara's Violent Unravell  Hex/Tmut       0%         3d3       100%        5


Dungeon Overview and Level Annotations

Branches:
Dungeon (5/15)
 Temple: D:4-7

Altars:
Hepliaklqana

Annotations:
D:3 1 runed translucent door, Crazy Yiuf
D:5 Dowan, Duvessa


Innate Abilities, Weirdness & Mutations

You are immune to poison.
Your flesh is cold resistant. (rC+)
You are immune to negative energy. (rN+++)
You are immune to unholy pain and torment.
You are vulnerable to heat. (rF-)
You are in touch with the powers of death.
You do not drink.


Message History

Duvessa shouts!
The orc shouts!
Okay, then.
You aren't carrying any items that you can evoke.
Unknown command.
Unknown command.
Unknown command.
Okay, then.
Dowan shouts!
You hear a shout!
Dowan casts a spell at Duvessa.
Duvessa seems to speed up.
Duvessa hits you but does no damage. Duvessa attacks as you move away!
Duvessa hits you but does no damage. The orc hits you but does no damage.
You sock Duvessa!
Duvessa is moderately wounded.
Duvessa hits you but does no damage.
Dowan gestures wildly while chanting.
Dowan blinks!
The gnoll closely misses you.
The orc hits you with a +1 vorpal war axe.
Duvessa hits you but does no damage. The gnoll hits you but does no damage.
The orc hits you with a +1 vorpal war axe!
The orc attacks as you move away! The orc hits you but does no damage.
Duvessa hits you with a +0 short sword.
There is a stone staircase leading down here.
The orc attacks as you move away! The orc closely misses you.
Duvessa hits you with a +0 short sword! Duvessa closely misses you.
The orc attacks as you move away! The orc barely misses you.
Dowan mumbles some strange words.
Dowan blinks!
Duvessa hits you but does no damage.
Dowan says, "My weaknesses are her strengths!"
Dowan gestures at you while chanting.
You are outlined in light.
Duvessa attacks as you move away! Duvessa hits you with a +0 short sword!
* * * LOW HITPOINT WARNING * * *
Duvessa attacks as you move away! Duvessa hits you but does no damage.
Duvessa hits you with a +0 short sword!
* * * LOW HITPOINT WARNING * * *
Duvessa attacks as you move away! Duvessa hits you with a +0 short sword!
You die...

.#<..# #.# #.
.##########.###.# #.
................# ### #.
###########.###### ..# #.
#.............. #.##.##
#.#.....####### #.#.O.#
#g#.....# #########.#...#
#.#.....#######.......#.#...#
#g#.....g.oe@....####.#.#...#
#.#....>.g.....<........#...#
#g#......g.......####.#.#...#
#.#..............# #.#.#<..#
#.#..........)...# #.#.)####
#)#.........###### #.#......
#)###e......# #.##e####
#.g.....##### #.##.###
#####..## #......#


You could see Duvessa (fast), Dowan, 3 gnolls and an orc.

Vanquished Creatures
  An ice beast (D:4)
  A phantom (D:4)
  A jelly (D:4)
  A gnoll shaman (D:4)
  2 orc priests (D:4)
  Terence (D:2)
  2 orc wizards (D:5)
  2 iguanas
  Robin (D:3)
  3 gnolls
  3 adders
  An ufetubus (D:5)
  A worm (D:2)
  12 orcs
  4 endoplasms
  7 giant cockroaches
  15 goblins
  6 hobgoblins
  4 quokkas
  6 ball pythons
  5 bats
  3 frilled lizards
  3 kobolds
  3 rats
88 creatures vanquished.

Notes
Turn   | Place    | Note
-------+----------+-------------------------------------------
     0 | D:1      | lylia the Mummy Wanderer began the quest for the Orb.
     0 | D:1      | lylia set off with the following items: a +2 dagger, 4
                  | curare-tipped darts, a +0 pair of boots, a scroll of
                  | blinking, a +0 leather armour; and the following spell
                  | memorised: Freeze; and the following spells available to
                  | memorise: Frozen Ramparts
     0 | D:1      | Reached XP level 1. HP: 13/13 MP: 4/4
   335 | D:1      | Reached skill level 1 in Fighting
   501 | D:1      | Found a faded altar of an unknown god.
   696 | D:1      | Reached XP level 2. HP: 10/22 MP: 5/5
  1414 | D:2      | Gained mutation: You are in touch with the powers of death.
                  | [Mummy growth]
  1414 | D:2      | Reached XP level 3. HP: 26/28 MP: 7/7
  1442 | D:2      | Noticed Terence
  1479 | D:2      | Killed Terence
  1676 | D:2      | Reached XP level 4. HP: 27/35 MP: 8/8
  2153 | D:3      | Noticed Robin
  2214 | D:3      | Killed Robin
  2519 | D:3      | Reached XP level 5. HP: 42/42 MP: 9/9
  3033 | D:3      | Found a runed translucent door.
  3034 | D:3      | Noticed Crazy Yiuf
  3459 | D:4      | Reached skill level 1 in Maces & Flails
  3654 | D:4      | Noticed a phantom
  3671 | D:4      | Killed a phantom
  3672 | D:4      | Reached XP level 6. HP: 36/48 MP: 10/10
  4104 | D:5      | Entered Level 5 of the Dungeon
  4160 | D:5      | Noticed an ice beast
  4328 | D:4      | Killed an ice beast
  4740 | D:5      | Found a hazy altar of Hepliaklqana.
  4773 | D:5      | Reached XP level 7. HP: 17/54 MP: 11/11
  4796 | D:5      | Noticed Dowan
  5121 | D:5      | Noticed Duvessa
  5134 | D:5      | Slain by Duvessa

Illustrated notes

Levels and vault maps discovered:
D:1:      erik_arrival_orb_chamber, layout_basic,
          shapermc_ecumenical_altar_flowoftime
D:2:      layout_loops_cross, minmay_worlds_worst_comb, uniq_terence
D:3:      layout_basic, uniq_crazy_yiuf_cottage, uniq_robin
D:4:      layout_rooms, item_on_display_a
D:5:      layout_basic, kennysheep_mini, old_standard_altar,
          minmay_chambers_of_fives, uniq_duvessa, uniq_pikel, uniq_eustachio

Skill      XL: |  1  2  3  4  5  6  7 |
---------------+----------------------+-----
Fighting       | 1 2 3 4 |  4.0
Armour         | 2 3 |  3.0
Maces & Flails | 2 3 4 |  4.2
Throwing       | |  4.1
Stealth        | |  1.5
Spellcasting   | |  2.6

Action                   |  1- 3 |  4- 6 |  7- 9 || total
-------------------------+-------+-------+-------++-------
Melee: Dagger            |   105 |   147 |       ||   252
       Punch             |       |     3 |       ||     3
       Morningstar       |       |   117 |    21 ||   138
Throw: Dart              |     9 |     6 |       ||    15
  Use: Scroll            |       |     6 |       ||     6
 Stab: Sleeping          |     1 |       |       ||     1
Armor: Leather armour    |    23 |       |       ||    23
       Chain mail        |    17 |   171 |    30 ||   218
Dodge: Dodged            |    45 |   101 |     8 ||   154

Table legend: (Time is in decaauts)
 A = Elapsed time spent in this place.
 B = Non-inter-level travel time spent in this place.
 C = Inter-level travel time spent in this place.
 D = Time resting spent in this place.
 E = Time spent auto-exploring this place.
 F = Levels seen in this place.
 G = Mean time per level.
                   A        B        C        D        E       F      G
               +--------+--------+--------+--------+--------+-----+--------+
         Total |   5192 |   4898 |    294 |   1420 |   2361 |   5 | 1038.4 |
       Dungeon |   5192 |   4898 |    294 |   1420 |   2361 |   5 | 1038.4 |
               +--------+--------+--------+--------+--------+-----+--------+

Top non-repeatable levels by time:
     D:4: 1572 daAuts
     D:3: 1238 daAuts
     D:1: 1161 daAuts
     D:2: 947 daAuts
     D:5: 273 daAuts
